 Dungeon Crawl Stone Soup version 0.25.1-2-g60ff931df9 (webtiles) character file.

Game seed: 14423071830005663328

250 miket3c the Firebug (level 5, -1/38 HPs)
             Began as a Draconian Fire Elementalist on Sept 30, 2020.
             Was an Initiate of Sif Muna.
             Shot with an arrow by a centaur (10 damage)
             ... on level 5 of the Dungeon.
             The game lasted 00:26:21 (4748 turns).

miket3c the Firebug (Draconian Fire Elementalist)   Turns: 4748, Time: 00:26:22

Health: -1/38      AC:  8    Str: 10    XL:     5   Next: 88%
Magic:  5/9        EV: 12    Int: 17    God:    Sif Muna [......]
Gold:   165        SH:  0    Dex: 11    Spells: 6/10 levels left

rFire    . . .     SeeInvis .   c - +0 short sword
rCold    . . .     Gourm    .   (no shield)
rNeg     . . .     Faith    .   (armour unavailable)
rPois    .         Spirit   .   (helmet restricted)
rElec    .         Reflect  .   a - +1 cloak
rCorr    .         Harm     .   l - +0 pair of gloves
MR       .....                  (no boots)
Stlth    ++........             (no amulet)
HPRegen  0.12/turn              o - ring of wizardry
MPRegen  0.11/turn              (no ring)

@: very slightly contaminated
A: unfitting armour, cold-blooded, AC +5
a: Renounce Religion


You were on level 5 of the Dungeon.
You worshipped Sif Muna.
Sif Muna was noncommittal.
You were not hungry.

You visited 1 branch of the dungeon, and saw 5 of its levels.

You collected 165 gold pieces.

Inventory:

Hand Weapons
 c - a +0 short sword (weapon)
 h - a +0 dagger
Missiles
 d - 163 stones
 i - 16 poisoned darts (quivered)
Armour
 a - a +1 cloak (worn)
 l - a +0 pair of gloves (worn)
Jewellery
 o - a ring of wizardry (left hand)
Scrolls
 f - a scroll of fear {unknown}
 j - 3 scrolls of identify
 r - 2 scrolls of remove curse {unknown}
 s - 2 scrolls of enchant armour {unknown}
 t - a scroll of noise {unknown}
 u - 2 scrolls of random uselessness {unknown}
 v - a scroll of blinking {unknown}
 w - a scroll of magic mapping {unknown}
 y - a scroll of teleportation {unknown}
 D - 3 scrolls of enchant weapon {unknown}
Potions
 e - a potion of magic {unknown}
 g - a potion of invisibility {unknown}
 k - 3 potions of flight {unknown}
 m - 6 potions of stabbing
 n - a potion of heal wounds {unknown}
 p - a potion of curing {unknown}
 q - 2 potions of lignification
 x - a potion of resistance {unknown}
 z - a potion of cancellation {unknown}
 A - a potion of berserk rage {unknown}
 B - 2 potions of haste {unknown}
 E - a potion of brilliance {unknown}
Comestibles
 b - 8 rations


   Skills:
 + Level 0.2 Throwing
 + Level 2.3 Dodging
 + Level 2.3 Stealth
 + Level 3.0 Spellcasting
 * Level 3.8 Conjurations
 + Level 4.0 Fire Magic


You had 6 spell levels left.
You knew the following spells:

 Your Spells              Type           Power        Failure   Level  Hunger
a - Foxfire               Conj/Fire      ###.         1%          1    None
b - Conjure Flame         Conj/Fire      ###.....     4%          3    ###....

Your spell library contained the following spells:

 Spells                   Type           Power        Failure   Level  Hunger
 Inner Flame              Hex/Fire       #.......     9%          3    ###....
 Sticky Flame             Conj/Fire      ###.....     14%         4    ####...
 Fireball                 Conj/Fire      ###.......   34%         5    ######.


Dungeon Overview and Level Annotations

Branches:
Dungeon (5/15)
 Temple: D:4-7

Altars:
Ashenzari
Sif Muna
Vehumet
Wu Jian
Xom

Shops:
D:4 }


Innate Abilities, Weirdness & Mutations

Your plain brown scales are hard. (AC +5)
You cannot fit into any form of body armour.
You are cold-blooded and may be slowed by cold attacks.


Message History

The foxfire hits the centaur but does no damage.
The centaur unwields a +0 shortbow.
The centaur hits you but does no damage.
Casting: Foxfire (safe; 1% risk of failure)
Confirm with . or Enter, or press ? or * to list all spells.
You conjure some foxfire!
The centaur unwields a +0 shortbow.
The centaur hits you! The centaur closely misses you.
The centaur barely misses you. The centaur hits you. x2
The centaur hits you but does no damage.
The centaur hits you. x2
* * * LOW HITPOINT WARNING * * *
Your foxfire dissipates!
The centaur wields a +0 shortbow.
The centaur shoots an arrow.
The arrow misses you.
The centaur shoots an arrow.
The arrow closely misses you.
There is a stone staircase leading up here.
You see here 2 arrows.
The centaur closely misses you.
The centaur shoots an arrow.
The arrow hits you!
You die...

## ## ..
... ###.#
#...
#.......#
#.#.#?.#
#.#....# #
#c#c.#....
#@(...$#
####...#
#..# ... #


You could see 2 centaurs.

Vanquished Creatures
  An iguana (D:4)
  An orc wizard (D:4)
  A worker ant (D:4)
  10 adders
  An ooze (D:1)
  An adder skeleton (D:4)
  A worm (D:3)
  2 dart slugs
  A leopard gecko (D:1)
  7 orcs
  2 giant cockroaches (D:2)
  7 goblins
  8 hobgoblins
  3 kobolds
  3 quokkas
  A ball python (D:2)
  8 bats
  5 frilled lizards
  8 rats
71 creatures vanquished.

Vanquished Creatures (others)
  222 foxfires
222 creatures vanquished.

Grand Total: 293 creatures vanquished

Notes
Turn   | Place    | Note
-------+----------+-------------------------------------------
     0 | D:1      | miket3c the Draconian Fire Elementalist began the quest for
                  | the Orb.
     0 | D:1      | Reached XP level 1. HP: 14/14 MP: 3/3
   227 | D:1      | Reached XP level 2. HP: 18/20 MP: 0/5
   831 | D:1      | Reached XP level 3. HP: 22/26 MP: 3/6
  1712 | D:2      | Learned a level 3 spell: Conjure Flame
  1720 | D:2      | Found a faded altar of an unknown god.
  2255 | D:2      | Reached XP level 4. HP: 33/33 MP: 4/7
  2954 | D:3      | Found a shimmering altar of Xom.
  3017 | D:3      | Found a shimmering altar of Xom.
  3017 | D:3      | Found a shimmering altar of Xom.
  3020 | D:3      | Found a shimmering altar of Xom.
  3029 | D:3      | Found a shimmering altar of Xom.
  3029 | D:3      | Found a shimmering altar of Xom.
  3074 | D:3      | Found an ornate altar of the Wu Jian Council.
  3401 | D:3      | Reached XP level 5. HP: 38/38 MP: 4/8
  3560 | D:3      | Found a shimmering blue altar of Sif Muna.
  3563 | D:3      | Became a worshipper of Sif Muna the Loreminder
  3712 | D:4      | Found Pajinex's Gadget Boutique.
  3742 | D:4      | Found a radiant altar of Vehumet.
  3980 | D:4      | Found a shattered altar of Ashenzari.
  4451 | D:4      | Reached skill level 4 in Fire Magic
  4735 | D:5      | Entered Level 5 of the Dungeon
  4736 | D:5      | Noticed a centaur
  4738 | D:5      | Noticed a centaur
  4748 | D:5      | Shot with an arrow by a centaur

Illustrated notes

Levels and vault maps discovered:
D:1:      tarquinn_simple_flora_water_f, layout_basic
D:2:      layout_loops_cross, first_ration, chequers_ecumenical_altar_lobes
D:3:      layout_rooms, old_standard_altar, lemuel_doored_altar,
          lemuel_blue_sif_altar, xom_redecorated
D:4:      layout_rooms, old_standard_altar, kennysheep_mini_moat,
          serial_corexii_hall, corexii_hall_statues_l, corexii_hall_statues_x,
          chequers_hall_statues_corner_a, serial_shops, shop,
          chequers_serial_rivers_small_3
D:5:      layout_basic, skrybe_limestone_x, roderic_cross_of_infinity,
          minmay_manual_mares

Skill      XL: |  1  2  3  4  5 |
---------------+----------------+-----
Stealth        | 2 |  2.3
Dodging        | 2 |  2.3
Conjurations   | 2 3 |  3.8
Fire Magic     | 4 |  4.0
Spellcasting   | 3 |  3.0
Throwing       | |  0.2

Action                   |  1- 3 |  4- 6 || total
-------------------------+-------+-------++-------
Melee: Tailslap          |     1 |     1 ||     2
       Unarmed           |     1 |       ||     1
       Short sword       |     2 |    14 ||    16
Throw: Stone             |     3 |       ||     3
 Cast: Foxfire           |    55 |    80 ||   135
  Use: Scroll            |     1 |     1 ||     2
       Potion            |       |     1 ||     1
 Stab: Sleeping          |     1 |       ||     1
  Eat: Chunk             |     5 |     8 ||    13
Armor: Skin              |    19 |    56 ||    75
Dodge: Dodged            |    22 |    44 ||    66
